 Dungeon Crawl Stone Soup version 0.29-a0-1052-g6990b1bffc (webtiles) character file.

Game seed: 10125795909443869179

623 vineage the Trooper (level 7, 0/47 HPs)
             Began as a Gargoyle Fighter on Aug 17, 2022.
             Slain by an ogre
             ... wielding a +0 giant club
              (25 damage)
             ... on level 4 of the Dungeon.
             The game lasted 00:03:42 (4201 turns).

vineage the Trooper (Gargoyle Fighter)              Turns: 4201, Time: 00:03:42

Health: 0/47       AC: 16    Str: 22    XL:     7   Next: 46%
Magic:  7/7        EV:  9    Int:  8    God:
Gold:   266        SH:  4    Dex:  9    Spells: 6/6 levels left

rFire   . . .      SeeInvis .   a - +0 flail
rCold   . . .      Faith    .   c - +0 buckler
rNeg    + . .      Spirit   .   b - +0 scale mail
rPois   ∞          Reflect  .   (no helmet)
rElec   +          Harm     .   f - +1 cloak
rCorr   .          Rampage  .   o - +0 pair of gloves
Will    .....                   i - +0 pair of boots
Stlth   ..........              (no amulet)
HPRegen 0.15/turn               (no ring)
MPRegen 0.10/turn               (no ring)

@: no status effects
A: sickness immunity, AC +4, negative energy resistance 1, electricity
resistance, torment resistance 1, petrification resistance
a: no special abilities


You were on level 4 of the Dungeon.
You visited 1 branch of the dungeon, and saw 4 of its levels.

You collected 266 gold pieces.

Inventory:

Hand Weapons
 a - a +0 flail (weapon)
Missiles
 d - 4 throwing nets (quivered)
Armour
 b - a +0 scale mail (worn)
 c - a +0 buckler (worn)
 f - a +1 cloak (worn)
 i - a +0 pair of boots (worn)
 o - a +0 pair of gloves (worn)
Jewellery
 g - a ring of flight
 h - a ring of fire
 k - a ring of ice
Scrolls
 l - a scroll of identify
 n - a scroll of enchant armour
 q - a scroll of amnesia {unknown}
Potions
 e - 4 potions of heal wounds
 j - a potion of berserk rage
 m - a potion of invisibility
 p - 2 potions of curing {unknown}


   Skills:
 * Level 6.3 Fighting
 + Level 4.0 Maces & Flails
 + Level 5.0 Armour
 + Level 4.9 Shields


You had 6 spell levels left.
You didn't know any spells.
Your spell library contained the following spells:

 Spells                   Type           Power      Damage    Failure   Level
 Freeze                   Ice            0%         1d3       80%         1
 Static Discharge         Conj/Air       0%         3-3/arc   91%         2
 Frozen Ramparts          Ice            0%         1d1       99%         3
 Ozocubu's Armour         Ice            0%         N/A       99%         3
 Stone Arrow              Conj/Erth      0%         3d7       99%         3
 Hailstorm                Conj/Ice       0%         3d3       100%        4
 Irradiate                Conj/Tmut      0%         3d11      100%        5
 Iskenderun's Battlesphe  Conj           0%         2d6       100%        5
 Metabolic Englaciation   Hex/Ice        0%         N/A       100%        5
 Simulacrum               Ice/Necr       0%         N/A       100%        6


Dungeon Overview and Level Annotations

Branches:
Dungeon (4/15)
 Temple: D:4-7

Altars:
Trog

Shops:
D:4 =


Innate Abilities, Weirdness & Mutations

You are immune to sickness and miasma.
Your stone body is resilient. (AC +4)
You are immune to poison.
You resist negative energy. (rN+)
You are resistant to electric shocks. (rElec)
You are resistant to unholy torment.
You are immune to petrification.


Message History

The jackal is moderately wounded.
The jackal barely misses you.
The jackal bites you but does no damage.
You sock the jackal!
You kill the jackal!
No target in view!
No target in view!
No target in view!
No target in view!
No target in view!
No target in view!
No target in view!
No target in view!
No target in view!
You see here a jackal corpse.
You see here a +0 robe.
There is a stone staircase leading down here.
You now have 266 gold pieces (gained 5).
Found a stone staircase leading up.
There is a stone staircase leading up here.
An ogre comes into view. It is wielding a +0 giant club.
The ogre shouts!
An ogre is nearby!
An ogre is nearby!
You hit the ogre.
The ogre is moderately wounded.
The ogre hits you with a +0 giant club!
You sock the ogre!
The ogre is heavily wounded.
The ogre hits you with a +0 giant club!
You hit the ogre.
The ogre is severely wounded.
You barely miss the ogre.
The ogre is severely wounded.
The ogre barely misses you.
You hit the ogre but do no damage.
The ogre is severely wounded.
The ogre hits you with a +0 giant club!!
Ouch! That really hurt!
You die...

#####.#.#
#........≈~∩~≈#..... .# #.#.#
#........≈≈≈≈≈#..... .# #...#
#.........≈≈≈....... .#
###.######...................
.#
#.........######...........
.# ###.###..### #......##+##
.###### #........# #......#
......# ##.....#.# #.)....#
......# #..##.#@# #......#
......# #..##.#O# #......#
......# #..##.#.# #......#
......####..##.#.# #......#
..##)...#...##.#.# ########
..##....#..###.#.#
####....#..# #.#.# ##.#.#
#)#.# #.#.#


You could see an ogre.

Vanquished Creatures
  Grinder (D:3)
  A phantom (D:4)
  A jelly (D:4)
  Terence (D:3)
  Natasha (thrice) (D:2)
  An iguana (D:4)
  Robin (D:2)
  7 gnolls
  2 adders (D:2)
  An ufetubus (D:4)
  A worm (D:3)
  3 dart slugs
  2 orcs (D:4)
  4 endoplasms
  5 giant cockroaches
  18 goblins
  6 hobgoblins
  4 jackals (D:4)
  3 quokkas (D:3)
  7 ball pythons
  5 bats
  2 frilled lizards
  6 kobolds
  4 rats
89 creatures vanquished.

Vanquished Creatures (others)
  A wizard (D:4)
1 creature vanquished.

Grand Total: 90 creatures vanquished

Notes
Turn   | Place    | Note
-------+----------+-------------------------------------------
     0 | D:1      | vineage the Gargoyle Fighter began the quest for the Orb.
     0 | D:1      | Reached XP level 1. HP: 14/14 MP: 1/1
   495 | D:1      | Got the Directory of Blows and Bruises
   549 | D:1      | Reached XP level 2. HP: 19/19 MP: 2/2
   811 | D:1      | Reached XP level 3. HP: 23/24 MP: 3/3
   813 | D:1      | Reached skill level 4 in Fighting
  1007 | D:2      | Reached XP level 4. HP: 26/29 MP: 4/4
  1157 | D:2      | Noticed Robin
  1209 | D:2      | Killed Robin
  1423 | D:2      | Reached XP level 5. HP: 13/34 MP: 5/5
  1684 | D:2      | Noticed Natasha
  1695 | D:2      | Killed Natasha
  1698 | D:2      | Noticed Natasha
  1703 | D:2      | Killed Natasha
  1774 | D:2      | Noticed Natasha
  1798 | D:2      | Killed Natasha
  1799 | D:2      | Reached skill level 5 in Fighting
  2131 | D:2      | Found a faded altar of an unknown god.
  2381 | D:3      | Noticed Terence
  2383 | D:3      | Reached XP level 6. HP: 33/40 MP: 6/6
  2387 | D:3      | Killed Terence
  2746 | D:3      | Noticed Grinder
  2747 | D:3      | Paralysed by Grinder for 5 turns
  2760 | D:3      | Paralysed by Grinder for 5 turns
  2774 | D:3      | Killed Grinder
  2775 | D:3      | Reached XP level 7. HP: 18/45 MP: 7/7
  3016 | D:3      | Found a glowing drain.
  3512 | D:4      | Reached skill level 6 in Fighting
  3644 | D:4      | Found a bloodstained altar of Trog.
  3647 | D:4      | Noticed a wizard
  3653 | D:4      | Killed a wizard
  3731 | D:4      | Found Hitem's Jewellery Shoppe.
  3761 | D:4      | Reached skill level 5 in Armour
  4201 | D:4      | Slain by an ogre

Illustrated notes

Levels and vault maps discovered:
D:1:      lemuel_arrival_broad_hall, layout_basic
D:2:      layout_basic, dilly_ecumenical_altar_fadedgnrine,
          kennysheep_generic_room_7, uniq_robin, uniq_natasha
D:3:      minmay_inner_zag, layout_loops_ring, portal_sewer_entry_f,
          uniq_terence, uniq_grinder
D:4:      layout_basic, trog_wizard, serial_shops, nicolae_shop_waterfront,
          st_stairs_3, minmay_distorted

Skill      XL: |  1  2  3  4  5  6  7 |
---------------+----------------------+-----
Fighting       | 4 5 6 |  6.3
Armour         | 4 5 |  5.0
Shields        | 4 |  4.9
Maces & Flails | 3 4 |  4.0

Action                   |  1- 3 |  4- 6 |  7- 9 || total
-------------------------+-------+-------+-------++-------
Melee: Flail             |    56 |   188 |    79 ||   323
  Use: Scroll            |     3 |     3 |     3 ||     9
       Potion            |     2 |     1 |       ||     3
Armor: Scale mail        |    45 |   124 |    47 ||   216
Dodge: Dodged            |    40 |    97 |    36 ||   173
Block: Buckler           |    18 |    42 |     8 ||    68

Table legend: (Time is in decaauts)
 A = Elapsed time spent in this place.
 B = Non-inter-level travel time spent in this place.
 C = Inter-level travel time spent in this place.
 D = Time resting spent in this place.
 E = Time spent auto-exploring this place.
 F = Levels seen in this place.
 G = Mean time per level.
                   A        B        C        D        E       F      G
               +--------+--------+--------+--------+--------+-----+--------+
         Total |   4315 |   4191 |    124 |    239 |   3219 |   4 | 1078.8 |
       Dungeon |   4315 |   4191 |    124 |    239 |   3219 |   4 | 1078.8 |
               +--------+--------+--------+--------+--------+-----+--------+

Top non-repeatable levels by time:
     D:2: 1496 daAuts
     D:3: 1179 daAuts
     D:1: 907 daAuts
     D:4: 731 daAuts
